 Dungeon Crawl Stone Soup version 0.29-a0-575-g0dc89cf (webtiles) character file.

Game seed: 2729318941417537386

63 Illumine the Shield-Bearer (level 4, -2/40 HPs)
             Began as a Meteoran Fighter on June 13, 2022.
             Slain by a gnoll
             ... wielding a +0 flail
              (8 damage)
             ... on level 3 of the Dungeon.
             The game lasted 00:02:02 (371 turns).

Illumine the Shield-Bearer (Meteoran Fighter)        Turns: 371, Time: 00:02:03

Health: -2/40      AC:  9    Str: 19    XL:     4   Next: 55%
Magic:  5/5        EV:  7    Int: 10    God:
Gold:   67         SH:  5    Dex: 13    Spells: 3/3 levels left

rFire   . . .      SeeInvis .   a - +0 war axe
rCold   + . .      Faith    .   c - +0 buckler
rNeg    . . .      Spirit   .   k - +0 chain mail
rPois   +          Reflect  .   (no helmet)
rElec   .          Harm     .   (no cloak)
rCorr   .          Rampage  .   (no gloves)
Will    .....                   (no boots)
Stlth   ..........              (no amulet)
HPRegen 0.13/turn               m - ring of protection from cold
MPRegen 0.09/turn               n - ring of poison resistance

@: glowing
A: sense surroundings 1, otherworldly, glowing, explore regen
a: no special abilities


You were on level 3 of the Dungeon.
You visited 1 branch of the dungeon, and saw 3 of its levels.

You collected 67 gold pieces.

Inventory:

Hand Weapons
 a - a +0 war axe (weapon)
 e - a +0 hunting sling
Armour
 b - a +0 scale mail
 c - a +0 buckler (worn)
 k - a +0 chain mail (worn)
Jewellery
 l - an amulet of magic regeneration
 m - a ring of protection from cold (left hand)
 n - a ring of poison resistance (right hand)
Scrolls
 d - a scroll of enchant weapon {unknown}
 f - 2 scrolls of magic mapping {unknown}
 g - a scroll of immolation {unknown}
 h - 3 scrolls of identify {unknown}
Potions
 i - a potion of invisibility {unknown}
 j - 2 potions of heal wounds {unknown}


   Skills:
 + Level 3.9 Fighting
 * Level 4.0 Axes
 - Level 3.6 Armour
 + Level 4.2 Shields


You had 3 spell levels left.
You didn't know any spells.
Your spell library contained the following spells:

 Spells                   Type           Power      Damage    Failure   Level
 Apportation              Tloc           0%         N/A       99%         1
 Necrotize                Necr           0%         1d4       99%         1
 Summon Small Mammal      Summ           0%         N/A       99%         1


Dungeon Overview and Level Annotations

Branches:
Dungeon (3/15)

Altars:


Innate Abilities, Weirdness & Mutations

You passively map a small area around you.
You are easily found by Zot.
You glow in the dark.
You regain HP and MP as you explore.


Message History

The endoplasm is almost dead.
The endoplasm freezes you.
You are frozen.
You resist.
You slash the endoplasm!
You kill the endoplasm!
You slash the gnoll!
The gnoll is severely wounded.
You closely miss the gnoll.
The gnoll is severely wounded.
The gnoll closely misses you.
You barely miss the gnoll.
The gnoll is severely wounded.
You block the gnoll's attack. The gnoll hits you with a +0 flail.
You slash the gnoll!
You kill the gnoll!
Your Axes skill increases to level 4!
You hit the gnoll.
The gnoll is moderately wounded.
The gnoll completely misses you. The gnoll barely misses you.
You barely miss the gnoll.
The gnoll is moderately wounded.
The gnoll hits you with a +0 flail.
The gnoll hits you from afar with a +0 spear. x2
You hit the gnoll.
The gnoll is lightly wounded.
You hit the gnoll but do no damage. The gnoll hits you with a +0 flail!
You block the gnoll's attack. x2
You completely miss the gnoll.
The gnoll is lightly wounded.
You closely miss the gnoll. The gnoll hits you with a +0 flail.
You block the gnoll's attack. The gnoll hits you with a +0 club.
You slash the gnoll!
The gnoll is severely wounded.
You barely miss the gnoll. The gnoll hits you with a +0 flail.
* * * LOW HITPOINT WARNING * * *
The gnoll hits you but does no damage.
The gnoll hits you from afar with a +0 spear.
* * * LOW HITPOINT WARNING * * *
The gnoll barely misses you. The gnoll hits you with a +0 flail!
You die...

* * , , ##.# , *
..... * * ,, .....
, #........# , *
#........# , *
#........##### * *
#......<...g@#.#
#.....)...g#g#.##
,
.......##.#.....^,
##..g.g.....# *
#..........# * , ,
##.........#.# , ,
, #.........#.# ,
*#...........## .#
, . #............
. ,


You could see 3 gnolls.

Vanquished Creatures
  A gnoll (D:3)
  2 adders (D:2)
  A worm (D:2)
  A dart slug (D:2)
  4 bats
  3 endoplasms
  A goblin (D:2)
  4 hobgoblins
  2 jackals (D:1)
  A quokka (D:2)
  4 ball pythons (D:2)
  2 frilled lizards
  2 kobolds (D:2)
  A rat (D:2)
29 creatures vanquished.

Notes
Turn   | Place    | Note
-------+----------+-------------------------------------------
     0 | D:1      | Illumine the Meteoran Fighter began the quest for the Orb.
     0 | D:1      | Reached XP level 1. HP: 19/19 MP: 2/2
    87 | D:2      | Reached XP level 2. HP: 26/26 MP: 3/3
   145 | D:2      | Reached XP level 3. HP: 30/31 MP: 4/4
   173 | D:2      | Reached XP level 4. HP: 40/40 MP: 5/5
   371 | D:3      | Slain by a gnoll

Illustrated notes

Levels and vault maps discovered:
D:1:      onia_arrival_pyramid, layout_loops_ring, basic_ecumenical_altar
D:2:      layout_rooms, serial_corexii_hall, corexii_hall_statues_l,
          corexii_hall_statues_l, minmay_circle_x
D:3:      layout_rooms, overflow_temple_1_default,
          lemuel_zombie_altar_yredelemnul, serial_shops, shop_fountains

Skill      XL: |  1  2  3  4 |
---------------+-------------+-----
Axes           | 3 4 |  4.0
Shields        | 4 |  4.2
Fighting       | |  3.9
Armour         | |  3.6

Action                   |  1- 3 |  4- 6 || total
-------------------------+-------+-------++-------
Melee: War axe           |    42 |    35 ||    77
  Use: Potion            |     1 |       ||     1
Armor: Scale mail        |    17 |     2 ||    19
       Chain mail        |       |     6 ||     6
Dodge: Dodged            |    20 |    14 ||    34
Block: Buckler           |    14 |    11 ||    25

Table legend: (Time is in decaauts)
 A = Elapsed time spent in this place.
 B = Non-inter-level travel time spent in this place.
 C = Inter-level travel time spent in this place.
 D = Time resting spent in this place.
 E = Time spent auto-exploring this place.
 F = Levels seen in this place.
 G = Mean time per level.
                   A        B        C        D        E       F      G
               +--------+--------+--------+--------+--------+-----+--------+
         Total |    398 |    398 |      0 |      0 |      0 |   3 |  132.7 |
       Dungeon |    398 |    398 |      0 |      0 |      0 |   3 |  132.7 |
               +--------+--------+--------+--------+--------+-----+--------+

Top non-repeatable levels by time:
     D:2: 238 daAuts
     D:1: 90 daAuts
     D:3: 68 daAuts
